 Dungeon Crawl Stone Soup version 0.30.1 (webtiles) character file.

Game seed: 11845691244243719871

521 safid the Chiller (level 7, 0/55 HPs)
             Began as a Merfolk Ice Elementalist on July 7, 2023.
             Hit by a stone thrown by a kobold (1 damage)
             ... on level 4 of the Dungeon.
             The game lasted 00:06:38 (4788 turns).

safid the Chiller (Merfolk Ice Elementalist)        Turns: 4788, Time: 00:06:38

Health: 0/55       AC:  6    Str:  8    XL:     7   Next: 21%
Magic:  2/13       EV: 12    Int: 16    God:
Gold:   250        SH:  0    Dex: 15    Spells: 7/14 levels left

rFire   . . .        c - +0 whip
rCold   . . .        (no shield)
rNeg    . . .        a - +0 robe
rPois   .            (no helmet)
rElec   .            u - +2 cloak
rCorr   .            (no gloves)
SInv    .            i - +0 pair of boots
Will    .....        (no amulet)
Stlth   ++           (no ring)
HPRegen 0.29/turn    (no ring)
MPRegen 0.13/turn

%: no passive effects
@: no status effects
A: (nimble swimmer 2), mertail
a: no special abilities


You were on level 4 of the Dungeon.
You visited 1 branch of the dungeon, and saw 4 of its levels.
You also visited: Sewer.

You collected 250 gold pieces.

Inventory:

Hand Weapons
 c - a +0 whip (weapon)
Armour
 a - a +0 robe (worn)
 i - a +0 pair of boots (worn)
 u - a +2 cloak (worn)
Jewellery
 e - a ring of fire
Scrolls
 f - 4 scrolls of fear {unknown}
 j - 7 scrolls of identify {unknown}
 k - a scroll of acquirement {unknown}
 l - 2 scrolls of silence {unknown}
 o - a scroll of brand weapon {unknown}
 p - a scroll of immolation {unknown}
 q - a scroll of vulnerability {unknown}
 r - a scroll of torment {unknown}
 s - a scroll of magic mapping {unknown}
 t - 2 scrolls of blinking {unknown}
 y - a scroll of teleportation {unknown}
Potions
 b - 3 potions of magic
 d - 3 potions of haste {unknown}
 g - a potion of heal wounds {unknown}
 h - 2 potions of curing {unknown}
 m - 2 potions of cancellation {unknown}
 n - 2 potions of lignification {unknown}
 v - 5 potions of flight
 w - a potion of mutation {unknown}
 x - a potion of attraction {unknown}
 z - a potion of brilliance {unknown}


   Skills:
 + Level 4.4 Fighting
 - Level 2.6 Dodging
 - Level 2.1 Stealth
 + Level 4.3 Spellcasting
 + Level 6.4 Ice Magic


You had 7 spell levels left.
You knew the following spells:

 Your Spells              Type           Power      Damage    Failure   Level
a - Freeze                Ice            96%        1d10      1%          1
b - Frozen Ramparts       Ice            48%        1d8       3%          3
c - Ozocubu's Armour      Ice            24%        N/A       3%          3

Your spell library contained the following spells:

 Spells                   Type           Power      Damage    Failure   Level
 Slow                     Hex            12%        N/A       17%         1
 Summon Ice Beast         Ice/Summ       13%        N/A       41%         4
 Confusing Touch          Hex            3%         N/A       45%         3
 Vampiric Draining        Necr           3%         2d6       45%         3


Dungeon Overview and Level Annotations

Branches:
Dungeon (4/15)              Sewer (visited)
 Temple: D:4-7

Altars:
Makhleb
Nemelex Xobeh
The Shining One


Innate Abilities, Weirdness & Mutations

((You are very nimble when in or above water. (Stealth+, EV+, Speed+++)))
Your lower body shifts to a powerful aquatic tail in water.


Message History

Confirm with . or Enter, or press ? or * to list all spells.
You don't have enough magic to cast this spell.
You hit the phantom.
The phantom is severely damaged.
The phantom hits you but does no damage.
You barely miss the phantom.
The phantom is severely damaged.
A kobold comes into view. It is wielding a +0 short sword.
The phantom misses you.
You barely miss the phantom.
The phantom is severely damaged.
The phantom hits you but does no damage.
The kobold shouts!
You hit the phantom.
The phantom is severely damaged.
The phantom hits you but does no damage.
You hit the phantom but do no damage.
The phantom is severely damaged.
The phantom hits you.
* * * LOW HITPOINT WARNING * * *
You miss the phantom. Your punch misses the phantom.
The phantom is severely damaged.
The phantom hits you.
* * * LOW HITPOINT WARNING * * *
The kobold completely misses you.
Unknown command.
You hit the kobold.
The kobold is moderately wounded.
The phantom hits you.
* * * LOW HITPOINT WARNING * * *
The phantom blinks!
You blink.
You barely miss the phantom.
The phantom is severely damaged.
The phantom hits you but does no damage.
You barely miss the phantom.
The phantom is severely damaged.
The phantom hits you.
* * * LOW HITPOINT WARNING * * *
The phantom blinks!
You blink.
The kobold throws a stone.
The stone hits you.
You die...

### ..# #.# #.#
##### #.#
#########...##
#.###.....†....W.##
......#####)....@.##
..##### ##.........#
#######
#§§..K.....####
#.....#
#.................
#.....#
#.#.......########
......# #.##.......#
#.....#
#.###...#.#....
#.....# #.#
##.##.#.§§≈ ###.###
#.. ..##.# ..§


You could see a phantom and a kobold.

Vanquished Creatures
  An ogre (D:4)
  A scorpion (D:4)
  A hound (D:3)
  An iguana (D:3)
  Terence (D:2)
  10 adders
  A gnoll (D:1)
  5 river rats (Sewer)
  7 worms
  2 dart slugs
  8 orcs
  15 ball pythons
  8 endoplasms
  12 giant cockroaches
  5 goblins
  12 hobgoblins
  2 jackals (Sewer)
  6 kobolds
  5 quokkas
  14 bats
  2 frilled lizards
  5 rats
124 creatures vanquished.

Notes
Turn   | Place    | Note
-------+----------+-------------------------------------------
     0 | D:1      | safid the Merfolk Ice Elementalist began the quest for the
                  | Orb.
     0 | D:1      | Reached XP level 1. HP: 13/13 MP: 3/3
   167 | D:1      | Reached skill level 1 in Fighting
   167 | D:1      | Reached XP level 2. HP: 4/21 MP: 0/5
   428 | D:1      | Reached XP level 3. HP: 26/26 MP: 6/6
  1490 | D:2      | Reached skill level 5 in Ice Magic
  1490 | D:2      | Reached XP level 4. HP: 28/33 MP: 2/8
  1621 | D:2      | Noticed Terence
  1630 | D:2      | Killed Terence
  1638 | D:2      | Identified the +6 leather armour of Claustrophobia {-Cast
                  | rC+ Slay+2}
  1835 | D:2      | Reached XP level 5. HP: 33/39 MP: 6/9
  2533 | D:3      | Found a faded altar of an unknown god.
  2755 | D:3      | Found a glowing golden altar of the Shining One.
  2890 | D:3      | Found a burning altar of Makhleb.
  3172 | D:4      | Found a glowing drain.
  3208 | Sewer    | Entered a sewer
  3223 | Sewer    | Reached XP level 6. HP: 27/47 MP: 9/11
  3233 | Sewer    | Learned a level 3 spell: Frozen Ramparts
  3237 | Sewer    | Learned a level 3 spell: Ozocubu's Armour
  3935 | Sewer    | Reached skill level 6 in Ice Magic
  4474 | D:4      | Found a sparkling altar of Nemelex Xobeh.
  4482 | D:4      | Reached XP level 7. HP: 54/54 MP: 3/13
  4786 | D:4      | HP: 1/55 [phantom (4)]
  4788 | D:4      | Hit by a stone thrown by a kobold

Illustrated notes

Levels and vault maps discovered:
D:1:      minmay_arrival_diagonal_passages, layout_loops_corners, st_stairs_13,
          minmay_hedge_maze
D:2:      layout_rooms, serial_bayou_pond_d, uniq_terence
D:3:      layout_loops_cross, mainiacjoe_overflow_big_doors,
          shapermc_ecumenical_altar_totnotflames, grunt_decor_mini_mirrors
D:4:      layout_loops_ring, mainiacjoe_overflow_chevrons,
          mainiacjoe_overflow_paths, portal_sewer_entry_b,
          minmay_misc_feat_nine_boxes, kennysheep_generic_room_11

Skill      XL: |  1  2  3  4  5  6 |
---------------+-------------------+-----
Fighting       | 1 2 3 4 |  4.4
Ice Magic      | 5 6 |  6.4
Spellcasting   | 3 4 |  4.3
Dodging        | |  2.6
Stealth        | |  2.1

Action                     |  1- 3 |  4- 6 |  7- 9 || total
---------------------------+-------+-------+-------++-------
  Melee: Unarmed           |    10 |       |       ||    10
         Whip              |    19 |   145 |    71 ||   235
         Tailslap          |       |    15 |       ||    15
         Punch             |       |     1 |       ||     1
   Cast: Freeze            |    54 |    90 |     3 ||   147
         Frozen Ramparts   |       |     6 |     1 ||     7
         Ozocubu's Armour  |       |     3 |     6 ||     9
   Stab: Sleeping          |       |     4 |       ||     4
 Armour: Robe              |    13 |    56 |    35 ||   104
  Dodge: Dodged            |    53 |   178 |    36 ||   267
